 Dungeon Crawl Stone Soup version 0.28-a0-1616-g050a50673c (webtiles) character file.

Game seed: 17732342559614193312

821 dolemite99 the Spear-Bearer (level 7, -7/48 HPs)
             Began as a Merfolk Chaos Knight on Jan 23, 2022.
             Was a Believer of Hepliaklqana.
             Mangled by Eustachio (10 damage)
             ... on level 5 of the Dungeon.
             The game lasted 00:05:34 (5626 turns).

dolemite99 the Spear-Bearer (Merfolk Chaos Knight)  Turns: 5626, Time: 00:05:35

Health: -7/48      AC:  5    Str: 11 (14) XL:     7   Next: 95%
Magic:  7/7        EV:  9    Int: 11 (12) God:    Hepliaklqana [**....]
Gold:   198        SH:  0    Dex: 11 (13) Spells: 6/6 levels left

rFire   . . .      SeeInvis .   b - +0 trident (freeze)
rCold   . . .      Faith    .   (no shield)
rNeg    . . .      Spirit   .   k - +0 scale mail
rPois   .          Reflect  .   n - +1 helmet
rElec   .          Harm     .   o - scarf {repulsion}
rCorr   .          Rampage  .   (no gloves)
Will    +....                   (no boots)
Stlth   ..........              c - amulet of the acrobat
HPRegen 0.16/turn               d - ring of willpower
MPRegen 0.10/turn               (no ring)

@: repel missiles, unable to read
A: reduced essence, (nimble swimmer 2), mertail, deformed body, deterioration 1,
subdued magic 1, inability to read while threatened
a: Renounce Religion, Recall Ancestor, Ancestor Identity


You were on level 5 of the Dungeon.
You worshipped Hepliaklqana.
Hepliaklqana was pleased with you.
You visited 1 branch of the dungeon, and saw 5 of its levels.

You collected 198 gold pieces.

Inventory:

Hand Weapons
 a - a +0 spear of chaos
 b - a +0 trident of freezing (weapon)
Missiles
 f - 181 stones (quivered)
Armour
 j - a +2 leather armour
 k - a +0 scale mail (worn)
 n - a +1 helmet (worn)
 o - a scarf of repulsion (worn)
Jewellery
 c - an amulet of the acrobat (around neck)
 d - a ring of willpower (left hand)
 i - a ring of flight
 l - an amulet of magic regeneration
Wands
 e - a wand of acid (7)
 t - a wand of polymorph (8)
Scrolls
 m - 2 scrolls of teleportation
 q - a scroll of immolation {unknown}
 r - a scroll of identify {@r1}
Potions
 p - a potion of might {unknown}


   Skills:
 - Level 4.2 Fighting
 + Level 11.9 Polearms
 - Level 0.6 Armour
 - Level 4.2 Dodging


You had 6 spell levels left.
You didn't know any spells.
Your spell library contained the following spells:

 Spells                   Type           Power      Damage    Failure   Level
 Magic Dart               Conj           0%         1d3       89%         1
 Call Imp                 Summ           0%         N/A       96%         2
 Mephitic Cloud           Conj/Pois/Air  0%         N/A       99%         3


Dungeon Overview and Level Annotations

Branches:
Dungeon (5/15)             Temple (0/1) D:5

Altars:
Hepliaklqana
Ru
Xom

Annotations:
D:5 Eustachio


Innate Abilities, Weirdness & Mutations

Your life essence is reduced to manifest your ancestor. (-10% HP)
((You are very nimble when in or above water. (Stealth+, EV+, Speed+++)))
Your lower body shifts to a powerful aquatic tail in water.
Armour fits poorly on your strangely shaped body.
Your body sometimes deteriorates upon taking damage.
Your spells are a little easier to cast, but a little less powerful.
You sometimes lose the ability to read scrolls when taking damage.


Message History

Nkonkoni blocks the river rat's attack.
Eustachio hits you with a +0 rapier.
Your body deteriorates!
You feel weakened.
You completely miss Eustachio.
Eustachio is heavily wounded.
Nkonkoni barely misses the river rat.
The river rat bites Nkonkoni!
Eustachio hits you but does no damage.
You barely miss Eustachio.
Eustachio is heavily wounded.
The rat bites you.
You hit Eustachio. You freeze Eustachio.
Eustachio is heavily wounded.
Nkonkoni hits the river rat with a +0 flail.
The river rat completely misses Nkonkoni.
Eustachio hits you with a +0 rapier. The rat bites you.
You hit Eustachio. You freeze Eustachio.
Eustachio is severely wounded.
Nkonkoni closely misses the river rat.
Nkonkoni blocks the river rat's attack.
The crimson imp closely misses you. Eustachio hits you with a +0 rapier!
* * * LOW HITPOINT WARNING * * *
The rat bites you.
* * * LOW HITPOINT WARNING * * *
Nkonkoni hits the river rat but does no damage.
Nkonkoni blocks the river rat's attack.
Eustachio hits you with a +0 rapier.
* * * LOW HITPOINT WARNING * * *
The rat barely misses Nkonkoni.
Nkonkoni hits the river rat with a +0 flail.
The crimson imp blinks!
Eustachio casts a spell.
The rat closely misses Nkonkoni.
It was a potion of degeneration.
There was something very wrong with that liquid.
You feel weakened.
You feel dopey.
You feel clumsy. The river rat bites you.
* * * LOW HITPOINT WARNING * * *
Nkonkoni hits the river rat with a +0 flail!
The river rat dies!
The river rat's corpse disappears in a puff of smoke!
Eustachio hits you with a +0 rapier!
You die...
Xom cackles wildly!

##.###.## ...#.(.#
...⌠.# #...# ##5##
#..r# #.R5# #§@.#
##@## #5# #.# #.#
#.# #########
#.########........
#....>...'........
#####.####........
#.# #.....)..


You could see the friendly Nkonkoni the knight, Eustachio, 2 crimson imps, a
shadow imp (summoned) and a rat (summoned).

Vanquished Creatures
  A necrophage (D:5)
  5 killer bees (D:5)
  A howler monkey (D:5)
  A bullfrog zombie (D:5)
  A centaur zombie (D:5)
  2 iguanas
  An orc wizard (D:3)
  7 gnolls
  4 adders
  A white imp (D:5)
  2 worms (D:4)
  2 dart slugs
  7 orcs
  4 bats
  9 endoplasms
  2 giant cockroaches (D:1)
  4 goblins
  7 hobgoblins
  4 quokkas
  5 ball pythons
  7 frilled lizards
  4 kobolds
  7 rats
88 creatures vanquished.

Vanquished Creatures (collateral kills)
  A scorpion (D:4)
  A water moccasin skeleton (D:4)
  An adder (D:4)
  A gnoll (D:5)
  5 orcs
  A ball python (D:3)
10 creatures vanquished.

Vanquished Creatures (others)
  3 ancestors (D:5)
3 creatures vanquished.

Grand Total: 101 creatures vanquished

Notes
Turn   | Place    | Note
-------+----------+-------------------------------------------
     0 | D:1      | dolemite99 the Merfolk Chaos Knight began the quest for the
                  | Orb.
     0 | D:1      | Reached XP level 1. HP: 18/18 MP: 1/1
    37 | D:1      | Reached XP level 2. HP: 18/24 MP: 2/2
    55 | D:1      | Reached skill level 5 in Polearms
   186 | D:1      | XOM: potion effect (brilliance)
   187 | D:1      | XOM: butterfly on damage
   196 | D:1      | XOM: potion effect (heal wounds)
   212 | D:1      | XOM: potion effect (brilliance)
   212 | D:1      | XOM: butterfly on damage
   215 | D:1      | XOM: potion effect (heal wounds)
   222 | D:1      | Reached XP level 3. HP: 29/29 MP: 3/3
   231 | D:1      | XOM: butterfly on damage
  1088 | D:2      | Reached XP level 4. HP: 37/37 MP: 4/4
  1231 | D:2      | XOM: scenery: create altars
  1247 | D:2      | Reached skill level 6 in Polearms
  1361 | D:2      | XOM: cloud trail
  1562 | D:3      | Found a faded altar of an unknown god.
  1562 | D:3      | XOM: 5-stop teleportation journey
  1616 | D:3      | XOM: polymorph endoplasm -> bat
  1650 | D:3      | XOM: polymorph orc -> endoplasm
  1747 | D:3      | XOM: 9-stop teleportation journey
  1799 | D:3      | XOM: scenery: create altars
  1813 | D:3      | Reached XP level 5. HP: 42/42 MP: 5/5
  1821 | D:3      | XOM: cloud trail
  1889 | D:3      | Found a sacrificial altar of Ru.
  1979 | D:3      | Prayed at the altar of an unknown god.
  1979 | D:3      | Fell from the grace of Xom
  1979 | D:3      | Became a worshipper of Hepliaklqana the Forgotten
  1979 | D:3      | Reached * piety under Hepliaklqana
  3061 | D:4      | Reached skill level 7 in Polearms
  3208 | D:4      | Reached skill level 8 in Polearms
  3208 | D:4      | Reached XP level 6. HP: 39/43 MP: 6/6
  3477 | D:5      | Entered Level 5 of the Dungeon
  3549 | D:5      | Reached skill level 9 in Polearms
  3802 | D:5      | Reached XP level 7. HP: 22/48 MP: 7/7
  3804 | D:5      | Reached skill level 10 in Polearms
  4021 | D:5      | XOM: 8-stop teleportation journey
  4107 | D:5      | Reached skill level 11 in Polearms
  4514 | D:5      | XOM: give mutation
  4514 | D:5      | Gained mutation: Armour fits poorly on your strangely
                  | shaped body. [Xom's mischief]
  4565 | D:5      | Reached ** piety under Hepliaklqana
  4566 | D:5      | Remembered your ancestor Nkonkoni as a knight
  5336 | D:5      | XOM: give mutations
  5336 | D:5      | Gained mutation: Your body sometimes deteriorates upon
                  | taking damage. [Xom's mischief]
  5336 | D:5      | Gained mutation: You sometimes lose the ability to read
                  | scrolls when taking damage. [Xom's mischief]
  5336 | D:5      | Gained mutation: Your spells are a little easier to cast,
                  | but a little less powerful. [Xom's mischief]
  5593 | D:5      | Found a staircase to the Ecumenical Temple.
  5595 | D:5      | Noticed Eustachio
  5626 | D:5      | Mangled by Eustachio

Illustrated notes

Levels and vault maps discovered:
D:1:      dpeg_arrival_solitude, layout_rooms
D:2:      layout_rooms, minmay_tiny_reverse_x
D:3:      layout_basic, lemuel_round_altar,
          shapermc_ecumenical_altar_notcrosses, due_unseen_surprise
D:4:      layout_basic
D:5:      layout_basic, minmay_temple_entry_nine_rooms, item_on_display_b,
          uniq_eustachio

Skill      XL: |  1  2  3  4  5  6  7 |
---------------+----------------------+-----
Dodging        | 3 4 |  4.2
Polearms       | 5 6 8 9 11 | 11.9
Fighting       | 4 |  4.2
Armour         | |  0.6

Action                   |  1- 3 |  4- 6 |  7- 9 || total
-------------------------+-------+-------+-------++-------
Melee: Spear             |    86 |   120 |    26 ||   232
       Punch             |     1 |     1 |     1 ||     3
       Trident           |       |    46 |    58 ||   104
Throw: Stone             |    11 |    16 |       ||    27
Invok: Recall Ancestor   |       |       |     1 ||     1
       Ancestor Life: Kn |       |       |     1 ||     1
Evoke: Wand              |       |       |     4 ||     4
  Use: Scroll            |       |     3 |       ||     3
       Potion            |       |     3 |     1 ||     4
 Stab: Sleeping          |     2 |       |       ||     2
       Distracted        |       |     2 |       ||     2
Armor: Leather armour    |    22 |       |       ||    22
       Scale mail        |       |    46 |    22 ||    68
       Skin              |       |     5 |     1 ||     6
Dodge: Dodged            |    32 |    66 |    40 ||   138
       Repelled          |       |       |     3 ||     3

Table legend: (Time is in decaauts)
 A = Elapsed time spent in this place.
 B = Non-inter-level travel time spent in this place.
 C = Inter-level travel time spent in this place.
 D = Time resting spent in this place.
 E = Time spent auto-exploring this place.
 F = Levels seen in this place.
 G = Mean time per level.
                   A        B        C        D        E       F      G
               +--------+--------+--------+--------+--------+-----+--------+
         Total |   5557 |   5497 |     60 |   2070 |   2647 |   5 | 1111.4 |
       Dungeon |   5557 |   5497 |     60 |   2070 |   2647 |   5 | 1111.4 |
               +--------+--------+--------+--------+--------+-----+--------+

Top non-repeatable levels by time:
     D:5: 2057 daAuts
     D:3: 1077 daAuts
     D:4: 992 daAuts
     D:1: 884 daAuts
     D:2: 546 daAuts
